WCHLSIM.com - West Coast Hockey League
html PUBLIC "-//W3C//DTD XHTML 1.0 Transitional//EN" "http://www.w3.org/TR/xhtml1/DTD/xhtml1-transitional.dtd"> WCHL - Game 640 - CALGARY FIREMEN vs EDMONTON ICE

CALGARY FIREMEN vs EDMONTON ICE

Created - 12 janvier 2024 at 20:43

Goals
1 2 3 T
CALGARY FIREMEN 0 1 0 1
EDMONTON ICE 2 1 0 3
Shots
1 2 3 T
CALGARY FIREMEN 7 8 2 17
EDMONTON ICE 15 15 14 44

1st period

1. EDMONTON ICE , Anthony Beauvillier 5 (Dawson Mercer 11, Ryan Graves 8) at 12:14
2. EDMONTON ICE , Thomas Novak 13 (Michael Matheson 23, Scott Laughton 25) at 14:01

Penalties :
Brett Howden (CGY) for Hooking (Minor) at 1:53, Samuel Ersson (CGY) for Slashing (Minor) at 2:19 - Jamie Oleksiak served the penalty., Scott Laughton (EDM) for Tripping (Minor) at 4:22, Andrej Sustr (CGY) for Holding (Minor) at 4:22, Mason Marchment (CGY) for Hooking (Minor) at 8:13, Mattias Janmark-Nylen (CGY) for Holding (Minor) at 19:32

2nd period

3. EDMONTON ICE , Alex Tuch 20 (Jack Eichel 27, Gustav Nyquist 13) at 6:48
4. CALGARY FIREMEN , Jake McCabe 3 (Oskar Lindblom 2, Ryan Johansen 18) at 15:31

Penalties :
Jake McCabe (CGY) for Hooking (Minor) at 17:53

3rd period

No Goal

Penalties :
Jake McCabe (CGY) for Hooking (Minor) at 13:19

Goalie Stats

Samuel Ersson (CGY), 41 saves from 44 shots - (0,932), L, 2-8-2, 60:00 minutes
Jonathan Quick (EDM), 16 saves from 17 shots - (0,941), W, 2-2-0, 60:00 minutes

Players Stats for CALGARY FIREMEN

Player Name              G  A  P  +/- PIM S  H  SB GA TA FO     MP     PP MP  PK MP  
------------------------------------------------------------------------------------
Andrej Sustr             0  0  0  -2  2   0  4  0  0  0  0/0    17:05   0:00   3:07 
Brett Howden             0  0  0  -1  2   1  3  1  0  0  6/10   10:23   0:00   2:16 
Colton White             0  0  0  -2  0   1  0  1  0  0  0/0    14:35   0:00   0:36 
Fabian Zetterlund        0  0  0  -1  0   1  0  0  0  0  0/0     8:08   0:00   0:00 
Filip Forsberg           0  0  0  -1  0   5  3  1  0  0  5/31   22:17   0:00   6:30 
Jake McCabe              1  0  1   1  4   1  1  4  0  0  0/0    21:59   0:00   2:33 
Jakob Silfverberg        0  0  0  -1  0   1  0  0  0  0  4/9    18:33   0:00   3:11 
Jamie Oleksiak           0  0  0   1  0   0  2  4  0  0  0/0    23:03   0:00   3:35 
Jordan Oesterle          0  0  0  -1  0   0  2  2  0  0  0/0    21:19   0:00   5:07 
Mason Marchment          0  0  0   0  2   1  0  0  0  0  0/1    13:22   0:00   0:00 
Mattias Janmark-Nylen    0  0  0  -1  2   0  0  0  0  0  0/0    17:57   0:00   2:36 
Michael McCarron         0  0  0   0  0   0  0  0  0  0  0/0    11:34   0:00   0:00 
Nikita Zadorov           0  0  0  -1  0   0  5  2  0  0  0/0    21:56   0:00   5:44 
Oskar Lindblom           0  1  1   0  0   0  0  0  0  0  0/0    13:23   0:00   0:00 
Ryan Johansen            0  1  1   0  0   2  2  0  0  0  8/11   19:11   0:00   4:36 
Sonny Milano             0  0  0   0  0   2  0  0  0  0  0/1    11:34   0:00   0:00 
Tyler Tullio             0  0  0  -1  0   0  0  0  0  0  0/0     8:08   0:00   0:00 
Yakov Trenin             0  0  0   0  0   2  0  0  0  0  5/12   11:34   0:00   0:00 

Players Stats for EDMONTON ICE

Player Name              G  A  P  +/- PIM S  H  SB GA TA FO     MP     PP MP  PK MP  
------------------------------------------------------------------------------------
Alex Tuch                1  0  1   1  0   8  1  0  0  0  2/2    22:43   5:44   0:00 
Anthony Beauvillier      1  0  1   0  0   4  0  0  0  0  0/1    20:45   5:44   0:00 
Anthony Mantha           0  0  0   0  0   1  1  0  0  0  1/1    10:57   0:00   0:00 
Anton Lundell            0  0  0   0  0   0  0  0  0  0  5/5     4:04   0:00   0:00 
Connor Carrick           0  0  0   1  0   0  2  0  0  0  0/0    18:04   4:25   0:00 
Dawson Mercer            0  1  1   0  0   3  0  1  0  0  12/21  16:51   4:37   0:00 
Evgeny Dadonov           0  0  0   1  0   4  0  0  0  0  0/1    16:22   0:00   0:00 
Gustav Nyquist           0  1  1   1  0   3  3  0  0  0  1/2    22:53   4:37   0:00 
Jack Eichel              0  1  1   1  0   6  2  1  0  0  16/27  22:43   5:44   0:00 
Jarred Tinordi           0  0  0   0  0   0  0  2  0  0  0/0    13:32   0:00   0:00 
Joshua Mahura            0  0  0   0  0   0  0  0  0  0  0/0     3:51   0:00   0:00 
Michael Matheson         0  1  1   1  0   2  0  1  0  0  0/0    24:33   5:56   0:00 
Ryan Graves              0  1  1   1  0   2  0  2  0  0  0/0    21:55   4:25   0:00 
Scott Laughton           0  1  1   1  2   7  1  0  0  0  0/2    20:16   4:37   0:00 
Shea Theodore            0  0  0   1  0   1  0  1  0  0  0/0    24:33   5:56   0:00 
Tanner Jeannot           0  0  0   0  0   0  0  0  0  0  0/0     4:04   0:00   0:00 
Thomas Novak             1  0  1   1  0   3  0  0  0  0  10/13  16:22   0:00   0:00 
Zach Whitecloud          0  0  0   0  0   0  0  0  0  0  0/0    13:32   0:00   0:00 

3 Stars

1 - Alex Tuch (EDM)
2 - Thomas Novak (EDM)
3 - Samuel Ersson (CGY)

Power Play

CALGARY FIREMEN - 0 on 0 Attempt(s) - 0,00%
EDMONTON ICE - 0 on 6 Attempt(s) - 0,00%

Penalty Kill

CALGARY FIREMEN - 6 on 6 Attempt(s) - 100,00% - Score 0 goal in Penalty Kill
EDMONTON ICE - 0 on 0 Attempt(s) - 0,00% - Score 0 goal in Penalty Kill

Team Stat

CALGARY FIREMEN - Hits : 22 - Faceoff Wins : 28 - Blocked Shots : 15 - Penalty Minutes : 14
EDMONTON ICE - Hits : 10 - Faceoff Wins : 47 - Blocked Shots : 8 - Penalty Minutes : 2

Official

Referees : Graham Skilliter and Wes McCauley
Linesman : Steven Walsh and Glen Cooke

Game Notes

No Game Note

Finance

Level 1 -- Attendance: 4797 (79,95%) -- Ticket Income 1 007 370 $
Level 2 -- Attendance: 3818 (76,36%) -- Ticket Income 534 520 $
Level 3 -- Attendance: 1762 (88,10%) -- Ticket Income 193 820 $
Level 4 -- Attendance: 3331 (55,52%) -- Ticket Income 283 135 $
Luxury Box -- Attendance: 813 (81,30%) -- Ticket Income 304 875 $
Total Attendance: 14521 (72,61%)
Total Ticket Income: 2 323 720 $
Other Expense: 23 237 $
Total Income: 2 300 483 $

CALGARY FIREMEN

5 vs 5 Forward 
   Center                   Left Wing                Right Wing               Time % Phy DF OF 
 1 Filip Forsberg           Jakob Silfverberg        Mattias Janmark-Nylen    34     1   2  2  
 2 Ryan Johansen            Mason Marchment          Oskar Lindblom           31     1   2  2  
 3 Yakov Trenin             Sonny Milano             Michael McCarron         25     1   2  2  
 4 Brett Howden             Fabian Zetterlund        Tyler Tullio             10     1   2  2  

5 vs 5 Defense 
   Defense                  Defense                                           Time % Phy DF OF 
 1 Jamie Oleksiak           Jake McCabe                                       34     0   2  2  
 2 Nikita Zadorov           Jordan Oesterle                                   31     1   2  2  
 3 Colton White             Andrej Sustr                                      25     1   2  2  
 4 Jamie Oleksiak           Jake McCabe                                       10     1   2  2  

PowerPlay Forward 
   Center                   Left Wing                Right Wing               Time % Phy DF OF 
 1 Filip Forsberg           Jakob Silfverberg        Mattias Janmark-Nylen    55     1   2  2  
 2 Ryan Johansen            Mason Marchment          Oskar Lindblom           45     1   2  2  

PowerPlay Defense
   Defense                  Defense                                           Time % Phy DF OF 
 1 Jamie Oleksiak           Jake McCabe                                       55     1   2  2  
 2 Nikita Zadorov           Jordan Oesterle                                   45     1   2  2  

Penalty Kill 4 Players Forward 
   Center                   Wing                     Time % Phy DF OF 
 1 Filip Forsberg           Ryan Johansen            55     1   2  2  
 2 Jakob Silfverberg        Mattias Janmark-Nylen    45     1   2  2  

Penalty Kill 4 Players Defense
   Defense                  Defense                  Time % Phy DF OF 
 1 Jamie Oleksiak           Jake McCabe              55     1   2  2  
 2 Nikita Zadorov           Jordan Oesterle          45     1   2  2  

Penalty Kill - 3 Players Forward 
   Forward                                           Time % Phy DF OF 
 1 Filip Forsberg                                    55     1   2  2  
 2 Ryan Johansen                                     45     1   2  2  

Penalty Kill - 3 Players Defense
   Defense                  Defense                  Time % Phy DF OF 
 1 Jamie Oleksiak           Jake McCabe              55     1   2  2  
 2 Nikita Zadorov           Jordan Oesterle          45     1   2  2  

4 vs 4 Forward 
   Center                   Wing                     Time % Phy DF OF 
 1 Filip Forsberg           Ryan Johansen            55     1   2  2  
 2 Jakob Silfverberg        Mattias Janmark-Nylen    45     1   2  2  

4 vs 4 Defense
   Defense                  Defense                  Time % Phy DF OF 
 1 Jamie Oleksiak           Jake McCabe              55     1   2  2  
 2 Nikita Zadorov           Jordan Oesterle          45     1   2  2  

Last Minutes Offensive
   Center                   Left Wing                Right Wing               Defense                  Defense                  
   Filip Forsberg           Jakob Silfverberg        Mattias Janmark-Nylen    Jamie Oleksiak           Jake McCabe              

Last Minutes Defensive
   Center                   Left Wing                Right Wing               Defense                  Defense                  
   Filip Forsberg           Jakob Silfverberg        Mattias Janmark-Nylen    Jamie Oleksiak           Jake McCabe              

Goaltenders
Starting : Samuel Ersson            
Backup : Kevin Poulin             

Extra Forwards
Normal : Yakov Trenin, Sonny Milano, Brett Howden - PP : Yakov Trenin, Sonny Milano - PK : Brett Howden
Extra Defensemen
Normal : Colton White, Andrej Sustr, Nikita Zadorov - PP : Colton White - PK : Andrej Sustr, Nikita Zadorov
Penalty Shots
Filip Forsberg, Ryan Johansen, Jakob Silfverberg, Mattias Janmark-Nylen, Mason Marchment
Custom OT Lines Forwards
Filip Forsberg, Ryan Johansen, Jakob Silfverberg, Mattias Janmark-Nylen, Mason Marchment, Yakov Trenin, Sonny Milano, Brett Howden, Fabian Zetterlund, Oskar Lindblom
Custom OT Lines Defensemen
Jamie Oleksiak, Jake McCabe, Nikita Zadorov, Jordan Oesterle, Colton White

Scratches
Olli Maatta (Healthy), Liam Foudy (Broken Bone (Left Leg) Injury), Nathan Smith (Healthy), Santtu Kinnunen (Healthy), Alex Nedeljkovic (Strained Right Elbow Injury)
Garret Sparks (Healthy)

EDMONTON ICE

5 vs 5 Forward 
   Center                   Left Wing                Right Wing               Time % Phy DF OF 
 1 Jack Eichel              Gustav Nyquist           Alex Tuch                36     0   2  3  
 2 Thomas Novak             Scott Laughton           Evgeny Dadonov           33     1   2  2  
 3 Dawson Mercer            Anthony Beauvillier      Anthony Mantha           24     1   3  1  
 4 Anton Lundell            Anthony Beauvillier      Tanner Jeannot           7      0   3  2  

5 vs 5 Defense 
   Defense                  Defense                                           Time % Phy DF OF 
 1 Shea Theodore            Michael Matheson                                  37     1   2  2  
 2 Connor Carrick           Ryan Graves                                       32     0   3  2  
 3 Zach Whitecloud          Jarred Tinordi                                    23     0   4  1  
 4 Ryan Graves              Joshua Mahura                                     8      0   3  2  

PowerPlay Forward 
   Center                   Left Wing                Right Wing               Time % Phy DF OF 
 1 Jack Eichel              Anthony Beauvillier      Alex Tuch                60     1   2  2  
 2 Dawson Mercer            Scott Laughton           Gustav Nyquist           40     1   2  2  

PowerPlay Defense
   Defense                  Defense                                           Time % Phy DF OF 
 1 Shea Theodore            Michael Matheson                                  60     0   2  3  
 2 Ryan Graves              Connor Carrick                                    40     0   2  3  

Penalty Kill 4 Players Forward 
   Center                   Wing                     Time % Phy DF OF 
 1 Anton Lundell            Tanner Jeannot           60     0   5  0  
 2 Scott Laughton           Evgeny Dadonov           40     0   5  0  

Penalty Kill 4 Players Defense
   Defense                  Defense                  Time % Phy DF OF 
 1 Michael Matheson         Zach Whitecloud          60     0   5  0  
 2 Jarred Tinordi           Ryan Graves              40     0   5  0  

Penalty Kill - 3 Players Forward 
   Forward                                           Time % Phy DF OF 
 1 Anton Lundell                                     55     0   4  1  
 2 Thomas Novak                                      45     0   4  1  

Penalty Kill - 3 Players Defense
   Defense                  Defense                  Time % Phy DF OF 
 1 Zach Whitecloud          Ryan Graves              55     0   5  0  
 2 Michael Matheson         Jarred Tinordi           45     0   5  0  

4 vs 4 Forward 
   Center                   Wing                     Time % Phy DF OF 
 1 Dawson Mercer            Gustav Nyquist           55     1   2  2  
 2 Thomas Novak             Evgeny Dadonov           45     1   2  2  

4 vs 4 Defense
   Defense                  Defense                  Time % Phy DF OF 
 1 Shea Theodore            Michael Matheson         55     1   2  2  
 2 Zach Whitecloud          Jarred Tinordi           45     1   2  2  

Last Minutes Offensive
   Center                   Left Wing                Right Wing               Defense                  Defense                  
   Jack Eichel              Scott Laughton           Alex Tuch                Shea Theodore            Michael Matheson         

Last Minutes Defensive
   Center                   Left Wing                Right Wing               Defense                  Defense                  
   Scott Laughton           Gustav Nyquist           Alex Tuch                Shea Theodore            Michael Matheson         

Goaltenders
Starting : Jonathan Quick           
Backup : Vitek Vanecek            

Extra Forwards
Normal : Dawson Mercer, Anthony Beauvillier, Anton Lundell - PP : Thomas Novak, Dawson Mercer - PK : Dawson Mercer
Extra Defensemen
Normal : Shea Theodore, Michael Matheson, Ryan Graves - PP : Connor Carrick - PK : Ryan Graves, Shea Theodore
Penalty Shots
Alex Tuch, Jack Eichel, Thomas Novak, Dawson Mercer, Gustav Nyquist
Custom OT Lines Forwards
Alex Tuch, Jack Eichel, Scott Laughton, Gustav Nyquist, Dawson Mercer, Thomas Novak, Anthony Beauvillier, Anton Lundell, Evgeny Dadonov, Anthony Mantha
Custom OT Lines Defensemen
Shea Theodore, Michael Matheson, Ryan Graves, Zach Whitecloud, Connor Carrick

Scratches
Austin Watson (Healthy), Justin Barron (Strained Left Elbow Injury), Jonas Brodin (Strained Right Elbow Injury)

% Time on Ice - CALGARY FIREMEN

Lines # - Real PCT - Wanted PCT - Time Play
Normal Forward
1 - 31% - 34% - 14:35
2 - 28% - 31% - 13:23
3 - 24% - 25% - 11:34
4 - 17% - 10% - 8:08
Normal Defense
1 - 33% - 34% - 15:37
2 - 32% - 31% - 15:20
3 - 29% - 25% - 13:59
4 - 6% - 10% - 2:44
PP Forward
1 - 0% - 55%
2 - 0% - 45%
PP Defense
1 - 0% - 55%
2 - 0% - 45%
PK Forward
1 - 64% - 55% - 5:37
2 - 36% - 45% - 3:11
PK Defense
1 - 51% - 55% - 4:29
2 - 49% - 45% - 4:19
PK3 Forward
1 - 57% - 55% - 0:53
2 - 43% - 45% - 0:40
PK3 Defense
1 - 48% - 55% - 0:45
2 - 52% - 45% - 0:48
44 Forward
1 - 61% - 55% - 1:12
2 - 39% - 45% - 0:47
44 Defense
1 - 56% - 55% - 1:07
2 - 44% - 45% - 0:52
Last Minute Offensive  - 0:00
Last Minute Defensive  - 0:00
Total
Forward - 60:00
Defense - 60:00

% Time on Ice - EDMONTON ICE

Lines # - Real PCT - Wanted PCT - Time Play
Normal Forward
1 - 36% - 36% - 16:59
2 - 33% - 33% - 15:40
3 - 23% - 24% - 10:57
4 - 9% - 7% - 4:04
Normal Defense
1 - 37% - 37% - 17:38
2 - 29% - 32% - 13:39
3 - 26% - 23% - 12:32
4 - 8% - 8% - 3:51
PP Forward
1 - 55% - 60% - 5:44
2 - 45% - 40% - 4:37
PP Defense
1 - 57% - 60% - 5:56
2 - 43% - 40% - 4:25
PK Forward
1 - 0% - 60%
2 - 0% - 40%
PK Defense
1 - 0% - 60%
2 - 0% - 40%
PK3 Forward
1 - 0% - 55%
2 - 0% - 45%
PK3 Defense
1 - 0% - 55%
2 - 0% - 45%
44 Forward
1 - 65% - 55% - 1:17
2 - 35% - 45% - 0:42
44 Defense
1 - 50% - 55% - 0:59
2 - 50% - 45% - 1:00
Last Minute Offensive  - 0:00
Last Minute Defensive  - 0:00
Total
Forward - 60:00
Defense - 60:00

Play-by-Play

1st period


0:01 of 1st period - Filip Forsberg wins face-off versus Jack Eichel in neutral zone.
0:31 of 1st period - Shot by Filip Forsberg.
0:31 of 1st period - Shot Misses the Net.
0:33 of 1st period - Shot by Mattias Janmark-Nylen.
0:33 of 1st period - Shot Blocked by Jack Eichel.
1:14 of 1st period - Shot by Evgeny Dadonov.
1:14 of 1st period - Stopped by Samuel Ersson with a rebound.
1:16 of 1st period - Shot by Scott Laughton.
1:16 of 1st period - Deflect By Evgeny Dadonov.
1:16 of 1st period - Stopped by Samuel Ersson without a rebound.
1:17 of 1st period - Yakov Trenin wins face-off versus Anthony Beauvillier in CALGARY FIREMEN zone.
1:45 of 1st period - Shot by Sonny Milano.
1:45 of 1st period - Deflect By Yakov Trenin.
1:45 of 1st period - Shot Blocked by Dawson Mercer.
1:47 of 1st period - Shot by Yakov Trenin.
1:47 of 1st period - Stopped by Jonathan Quick without a rebound.
1:48 of 1st period - Thomas Novak wins face-off versus Brett Howden in EDMONTON ICE zone.
1:48 of 1st period - Thomas Novak is hit by Brett Howden.
1:53 of 1st period - Minor Penalty to Brett Howden for Hooking.
1:54 of 1st period - Jack Eichel wins face-off versus Filip Forsberg in CALGARY FIREMEN zone.
2:19 of 1st period - Shot by Jack Eichel.
2:19 of 1st period - Stopped by Samuel Ersson without a rebound.
2:19 of 1st period - Minor Penalty to Samuel Ersson for Slashing.
2:20 of 1st period - Dawson Mercer wins face-off versus Filip Forsberg in CALGARY FIREMEN zone.
3:23 of 1st period - Shot by Alex Tuch.
3:23 of 1st period - Shot Blocked by Jake McCabe.
3:35 of 1st period - Shot by Alex Tuch.
3:35 of 1st period - Stopped by Samuel Ersson without a rebound.
3:36 of 1st period - Jack Eichel wins face-off versus Ryan Johansen in CALGARY FIREMEN zone.
3:37 of 1st period - Shot by Michael Matheson.
3:37 of 1st period - Stopped by Samuel Ersson without a rebound.
3:38 of 1st period - Jack Eichel wins face-off versus Ryan Johansen in CALGARY FIREMEN zone.
4:11 of 1st period - Shot by Jack Eichel.
4:11 of 1st period - Shot Blocked by Jake McCabe.
4:13 of 1st period - Shot by Jack Eichel.
4:13 of 1st period - Shot Blocked by Jake McCabe.
4:15 of 1st period - Shot by Alex Tuch.
4:15 of 1st period - Stopped by Samuel Ersson without a rebound.
4:16 of 1st period - Dawson Mercer wins face-off versus Filip Forsberg in CALGARY FIREMEN zone.
4:19 of 1st period - Shot by Scott Laughton.
4:19 of 1st period - Shot Misses the Net.
4:21 of 1st period - Shot by Jarred Tinordi.
4:21 of 1st period - Shot Misses the Net.
4:22 of 1st period - Minor Penalty to Scott Laughton for Tripping.
4:22 of 1st period - Minor Penalty to Andrej Sustr for Holding.
4:23 of 1st period - Dawson Mercer wins face-off versus Filip Forsberg in CALGARY FIREMEN zone.
4:24 of 1st period - Shot by Gustav Nyquist.
4:24 of 1st period - Stopped by Samuel Ersson without a rebound.
4:25 of 1st period - Dawson Mercer wins face-off versus Filip Forsberg in CALGARY FIREMEN zone.
4:40 of 1st period - Shot by Filip Forsberg.
4:40 of 1st period - Stopped by Jonathan Quick without a rebound.
4:41 of 1st period - Dawson Mercer wins face-off versus Filip Forsberg in EDMONTON ICE zone.
4:43 of 1st period - Icing by Michael Matheson.
4:44 of 1st period - Filip Forsberg wins face-off versus Dawson Mercer in EDMONTON ICE zone.
4:45 of 1st period - Shot by Ryan Johansen.
4:45 of 1st period - Stopped by Jonathan Quick without a rebound.
4:46 of 1st period - Dawson Mercer wins face-off versus Filip Forsberg in EDMONTON ICE zone.
4:46 of 1st period - Dawson Mercer is hit by Ryan Johansen.
5:20 of 1st period - Shot by Filip Forsberg.
5:20 of 1st period - Deflect By Ryan Johansen.
5:20 of 1st period - Shot Hit the Post.
5:22 of 1st period - Shot by Jamie Oleksiak.
5:22 of 1st period - Shot Misses the Net.
5:39 of 1st period - Off-side.
5:40 of 1st period - Thomas Novak wins face-off versus Jakob Silfverberg in neutral zone.
5:51 of 1st period - Shot by Thomas Novak.
5:51 of 1st period - Stopped by Samuel Ersson without a rebound.
5:52 of 1st period - Jakob Silfverberg wins face-off versus Thomas Novak in CALGARY FIREMEN zone.
6:20 of 1st period - Shot by Mattias Janmark-Nylen.
6:20 of 1st period - Shot Blocked by Jarred Tinordi.
6:36 of 1st period - Shot by Ryan Graves.
6:36 of 1st period - Stopped by Samuel Ersson without a rebound.
6:37 of 1st period - Ryan Johansen wins face-off versus Jack Eichel in CALGARY FIREMEN zone.
6:37 of 1st period - Jake McCabe is hit by Alex Tuch and loses puck.
6:43 of 1st period - Icing by Mason Marchment.
6:44 of 1st period - Ryan Johansen wins face-off versus Jack Eichel in CALGARY FIREMEN zone.
6:44 of 1st period - Ryan Johansen is hit by Gustav Nyquist.
6:59 of 1st period - Mason Marchment is hit by Jack Eichel and loses puck.
7:12 of 1st period - Shot by Alex Tuch.
7:12 of 1st period - Shot Misses the Net.
7:14 of 1st period - Shot by Ryan Graves.
7:14 of 1st period - Shot Blocked by Jamie Oleksiak.
7:22 of 1st period - Shot by Jack Eichel.
7:22 of 1st period - Shot Blocked by Jamie Oleksiak.
8:13 of 1st period - Minor Penalty to Mason Marchment for Hooking.
8:14 of 1st period - Jack Eichel wins face-off versus Jakob Silfverberg in CALGARY FIREMEN zone.
8:24 of 1st period - Off-side.
8:25 of 1st period - Dawson Mercer wins face-off versus Jakob Silfverberg in neutral zone.
8:59 of 1st period - Shot by Gustav Nyquist.
8:59 of 1st period - Shot Blocked by Filip Forsberg.
9:01 of 1st period - Shot by Scott Laughton.
9:01 of 1st period - Deflect By Gustav Nyquist.
9:01 of 1st period - Shot Misses the Net.
10:01 of 1st period - Brett Howden is hit by Connor Carrick and loses puck.
10:07 of 1st period - Dawson Mercer is hit by Nikita Zadorov and loses puck.
10:16 of 1st period - Icing by Colton White.
10:17 of 1st period - Thomas Novak wins face-off versus Yakov Trenin in CALGARY FIREMEN zone.
11:54 of 1st period - Off-side.
11:55 of 1st period - Dawson Mercer wins face-off versus Filip Forsberg in neutral zone.
12:14 of 1st period - Shot by Anthony Beauvillier.
12:14 of 1st period - Goal by Anthony Beauvillier - CALGARY FIREMEN : 0 - EDMONTON ICE : 1.
12:15 of 1st period - Jack Eichel wins face-off versus Yakov Trenin in neutral zone.
12:34 of 1st period - Shot by Sonny Milano.
12:34 of 1st period - Stopped by Jonathan Quick without a rebound.
12:35 of 1st period - Dawson Mercer wins face-off versus Filip Forsberg in EDMONTON ICE zone.
12:58 of 1st period - Shot by Jakob Silfverberg.
12:58 of 1st period - Shot Misses the Net.
13:30 of 1st period - Shea Theodore is hit by Brett Howden and loses puck.
13:46 of 1st period - Evgeny Dadonov is hit by Jordan Oesterle and loses puck.
13:49 of 1st period - Shot by Scott Laughton.
13:49 of 1st period - Shot Blocked by Jordan Oesterle.
13:51 of 1st period - Shot by Michael Matheson.
13:51 of 1st period - Shot Blocked by Nikita Zadorov.
13:59 of 1st period - Shot by Thomas Novak.
13:59 of 1st period - Stopped by Samuel Ersson with a rebound.
14:01 of 1st period - Shot by Thomas Novak.
14:01 of 1st period - Goal by Thomas Novak - CALGARY FIREMEN : 0 - EDMONTON ICE : 2.
14:02 of 1st period - Jack Eichel wins face-off versus Yakov Trenin in neutral zone.
14:17 of 1st period - Shot by Alex Tuch.
14:17 of 1st period - Stopped by Samuel Ersson with a rebound.
15:08 of 1st period - Shot by Anthony Beauvillier.
15:08 of 1st period - Stopped by Samuel Ersson with a rebound.
15:10 of 1st period - Shot by Dawson Mercer.
15:10 of 1st period - Shot Blocked by Jake McCabe.
17:07 of 1st period - Shot by Alex Tuch.
17:07 of 1st period - Shot Misses the Net.
17:52 of 1st period - Shot by Brett Howden.
17:52 of 1st period - Stopped by Jonathan Quick with a rebound.
17:54 of 1st period - Shot by Jordan Oesterle.
17:54 of 1st period - Shot Hit the Post.
18:40 of 1st period - Shot by Filip Forsberg.
18:40 of 1st period - Stopped by Jonathan Quick without a rebound.
18:41 of 1st period - Ryan Johansen wins face-off versus Scott Laughton in EDMONTON ICE zone.
18:42 of 1st period - Shot by Mason Marchment.
18:42 of 1st period - Stopped by Jonathan Quick without a rebound.
18:43 of 1st period - Thomas Novak wins face-off versus Brett Howden in EDMONTON ICE zone.
19:13 of 1st period - Icing by Jamie Oleksiak.
19:14 of 1st period - Brett Howden wins face-off versus Jack Eichel in CALGARY FIREMEN zone.
19:32 of 1st period - Minor Penalty to Mattias Janmark-Nylen for Holding.
19:33 of 1st period - Filip Forsberg wins face-off versus Dawson Mercer in CALGARY FIREMEN zone.
19:57 of 1st period - Shot by Shea Theodore.
19:57 of 1st period - Stopped by Samuel Ersson without a rebound.
19:58 of 1st period - Alex Tuch wins face-off versus Jakob Silfverberg in CALGARY FIREMEN zone.
Goals for this period are 0 for CALGARY FIREMEN vs 2 for EDMONTON ICE.
Shots for this period are 7 for CALGARY FIREMEN vs 15 for EDMONTON ICE.

2nd period


0:01 of 2nd period - Jack Eichel wins face-off versus Filip Forsberg in neutral zone.
0:21 of 2nd period - Icing by Shea Theodore.
0:22 of 2nd period - Jakob Silfverberg wins face-off versus Jack Eichel in EDMONTON ICE zone.
0:27 of 2nd period - Shot by Brett Howden.
0:27 of 2nd period - Shot Blocked by Michael Matheson.
0:47 of 2nd period - Shot by Jack Eichel.
0:47 of 2nd period - Stopped by Samuel Ersson with a rebound.
0:49 of 2nd period - Shot by Shea Theodore.
0:49 of 2nd period - Shot Misses the Net.
0:57 of 2nd period - Shot by Jack Eichel.
0:57 of 2nd period - Shot Misses the Net.
0:59 of 2nd period - Shot by Alex Tuch.
0:59 of 2nd period - Shot Blocked by Jamie Oleksiak.
1:20 of 2nd period - Icing by Gustav Nyquist.
1:21 of 2nd period - Jakob Silfverberg wins face-off versus Gustav Nyquist in EDMONTON ICE zone.
1:22 of 2nd period - Shot by Brett Howden.
1:22 of 2nd period - Shot Misses the Net.
1:28 of 2nd period - Shot by Gustav Nyquist.
1:28 of 2nd period - Shot Blocked by Brett Howden.
1:30 of 2nd period - Shot by Dawson Mercer.
1:30 of 2nd period - Shot Misses the Net.
1:32 of 2nd period - Shot by Dawson Mercer.
1:32 of 2nd period - Shot Misses the Net.
1:42 of 2nd period - Shot by Yakov Trenin.
1:42 of 2nd period - Stopped by Jonathan Quick without a rebound.
1:43 of 2nd period - Dawson Mercer wins face-off versus Filip Forsberg in EDMONTON ICE zone.
1:43 of 2nd period - Dawson Mercer is hit by Filip Forsberg.
1:49 of 2nd period - Shot by Filip Forsberg.
1:49 of 2nd period - Stopped by Jonathan Quick without a rebound.
1:50 of 2nd period - Ryan Johansen wins face-off versus Jack Eichel in EDMONTON ICE zone.
3:12 of 2nd period - Shot by Filip Forsberg.
3:12 of 2nd period - Stopped by Jonathan Quick with a rebound.
3:46 of 2nd period - Shot by Yakov Trenin.
3:46 of 2nd period - Shot Misses the Net.
3:48 of 2nd period - Shot by Michael McCarron.
3:48 of 2nd period - Shot Misses the Net.
4:37 of 2nd period - Jack Eichel is hit by Jordan Oesterle and loses puck.
4:52 of 2nd period - Shot by Jack Eichel.
4:52 of 2nd period - Stopped by Samuel Ersson with a rebound.
4:54 of 2nd period - Shot by Michael Matheson.
4:54 of 2nd period - Shot Misses the Net.
4:56 of 2nd period - Shot by Gustav Nyquist.
4:56 of 2nd period - Shot Misses the Net.
5:29 of 2nd period - Scott Laughton is hit by Nikita Zadorov and loses puck.
5:34 of 2nd period - Shot by Scott Laughton.
5:34 of 2nd period - Shot Misses the Net.
5:36 of 2nd period - Shot by Scott Laughton.
5:36 of 2nd period - Stopped by Samuel Ersson without a rebound.
5:37 of 2nd period - Anton Lundell wins face-off versus Filip Forsberg in CALGARY FIREMEN zone.
5:55 of 2nd period - Anton Lundell is hit by Filip Forsberg and loses puck.
6:12 of 2nd period - Shot by Anthony Beauvillier.
6:12 of 2nd period - Stopped by Samuel Ersson without a rebound.
6:13 of 2nd period - Ryan Johansen wins face-off versus Jack Eichel in CALGARY FIREMEN zone.
6:22 of 2nd period - Shot by Ryan Johansen.
6:22 of 2nd period - Shot Misses the Net.
6:48 of 2nd period - Shot by Alex Tuch.
6:48 of 2nd period - Goal by Alex Tuch - CALGARY FIREMEN : 0 - EDMONTON ICE : 3.
6:49 of 2nd period - Thomas Novak wins face-off versus Yakov Trenin in neutral zone.
7:46 of 2nd period - Anthony Beauvillier is hit by Jake McCabe and loses puck.
8:03 of 2nd period - Shot by Anthony Mantha.
8:03 of 2nd period - Stopped by Samuel Ersson with a rebound.
8:07 of 2nd period - Shot by Dawson Mercer.
8:07 of 2nd period - Stopped by Samuel Ersson without a rebound.
8:08 of 2nd period - Jack Eichel wins face-off versus Filip Forsberg in CALGARY FIREMEN zone.
8:13 of 2nd period - Shot by Gustav Nyquist.
8:13 of 2nd period - Shot Blocked by Colton White.
8:15 of 2nd period - Shot by Jack Eichel.
8:15 of 2nd period - Stopped by Samuel Ersson without a rebound.
8:16 of 2nd period - Gustav Nyquist wins face-off versus Filip Forsberg in CALGARY FIREMEN zone.
8:55 of 2nd period - Shot by Jakob Silfverberg.
8:55 of 2nd period - Stopped by Jonathan Quick with a rebound.
9:40 of 2nd period - Shot by Scott Laughton.
9:40 of 2nd period - Deflect By Evgeny Dadonov.
9:40 of 2nd period - Stopped by Samuel Ersson with a rebound.
9:42 of 2nd period - Shot by Scott Laughton.
9:42 of 2nd period - Shot Misses the Net.
10:22 of 2nd period - Shot by Dawson Mercer.
10:22 of 2nd period - Stopped by Samuel Ersson without a rebound.
10:23 of 2nd period - Anton Lundell wins face-off versus Brett Howden in CALGARY FIREMEN zone.
11:09 of 2nd period - Icing by Jake McCabe.
11:10 of 2nd period - Brett Howden wins face-off versus Jack Eichel in CALGARY FIREMEN zone.
11:10 of 2nd period - Brett Howden is hit by Gustav Nyquist.
11:46 of 2nd period - Shot by Alex Tuch.
11:46 of 2nd period - Stopped by Samuel Ersson with a rebound.
12:18 of 2nd period - Icing by Michael Matheson.
12:19 of 2nd period - Yakov Trenin wins face-off versus Jack Eichel in EDMONTON ICE zone.
12:20 of 2nd period - Shot by Sonny Milano.
12:20 of 2nd period - Stopped by Jonathan Quick without a rebound.
12:21 of 2nd period - Dawson Mercer wins face-off versus Sonny Milano in EDMONTON ICE zone.
12:23 of 2nd period - Icing by Ryan Graves.
12:24 of 2nd period - Ryan Johansen wins face-off versus Dawson Mercer in EDMONTON ICE zone.
13:03 of 2nd period - Shot by Ryan Johansen.
13:03 of 2nd period - Shot Blocked by Ryan Graves.
13:05 of 2nd period - Shot by Ryan Johansen.
13:05 of 2nd period - Stopped by Jonathan Quick without a rebound.
13:06 of 2nd period - Thomas Novak wins face-off versus Filip Forsberg in EDMONTON ICE zone.
13:13 of 2nd period - Shot by Jakob Silfverberg.
13:13 of 2nd period - Shot Misses the Net.
13:35 of 2nd period - Shot by Scott Laughton.
13:35 of 2nd period - Stopped by Samuel Ersson with a rebound.
13:37 of 2nd period - Shot by Evgeny Dadonov.
13:37 of 2nd period - Shot Misses the Net.
13:58 of 2nd period - Icing by Filip Forsberg.
13:59 of 2nd period - Filip Forsberg wins face-off versus Jack Eichel in CALGARY FIREMEN zone.
14:29 of 2nd period - Jack Eichel is hit by Nikita Zadorov and loses puck.
15:16 of 2nd period - Jamie Oleksiak is hit by Anthony Mantha and loses puck.
15:23 of 2nd period - Shot by Mason Marchment.
15:23 of 2nd period - Shot Blocked by Ryan Graves.
15:29 of 2nd period - Shot by Oskar Lindblom.
15:29 of 2nd period - Shot Misses the Net.
15:31 of 2nd period - Shot by Jake McCabe.
15:31 of 2nd period - Goal by Jake McCabe - CALGARY FIREMEN : 1 - EDMONTON ICE : 3.
15:32 of 2nd period - Brett Howden wins face-off versus Thomas Novak in neutral zone.
15:37 of 2nd period - Shot by Fabian Zetterlund.
15:37 of 2nd period - Shot Blocked by Jarred Tinordi.
15:51 of 2nd period - Shot by Fabian Zetterlund.
15:51 of 2nd period - Deflect By Brett Howden.
15:51 of 2nd period - Shot Misses the Net.
15:59 of 2nd period - Shot by Fabian Zetterlund.
15:59 of 2nd period - Stopped by Jonathan Quick without a rebound.
16:00 of 2nd period - Jack Eichel wins face-off versus Filip Forsberg in EDMONTON ICE zone.
16:39 of 2nd period - Shot by Jack Eichel.
16:39 of 2nd period - Stopped by Samuel Ersson without a rebound.
16:40 of 2nd period - Thomas Novak wins face-off versus Ryan Johansen in CALGARY FIREMEN zone.
17:10 of 2nd period - Shot by Mason Marchment.
17:10 of 2nd period - Shot Misses the Net.
17:53 of 2nd period - Minor Penalty to Jake McCabe for Hooking.
17:54 of 2nd period - Jack Eichel wins face-off versus Jakob Silfverberg in CALGARY FIREMEN zone.
18:01 of 2nd period - Shot by Alex Tuch.
18:01 of 2nd period - Stopped by Samuel Ersson without a rebound.
18:02 of 2nd period - Jack Eichel wins face-off versus Filip Forsberg in CALGARY FIREMEN zone.
18:20 of 2nd period - Alex Tuch is hit by Andrej Sustr and loses puck.
18:32 of 2nd period - Shot by Shea Theodore.
18:32 of 2nd period - Shot Misses the Net.
19:16 of 2nd period - Shot by Scott Laughton.
19:16 of 2nd period - Stopped by Samuel Ersson without a rebound.
19:17 of 2nd period - Jakob Silfverberg wins face-off versus Dawson Mercer in CALGARY FIREMEN zone.
19:17 of 2nd period - Jakob Silfverberg is hit by Gustav Nyquist.
19:50 of 2nd period - Icing by Gustav Nyquist.
19:51 of 2nd period - Filip Forsberg wins face-off versus Dawson Mercer in EDMONTON ICE zone.
19:55 of 2nd period - Icing by Zach Whitecloud.
19:56 of 2nd period - Anton Lundell wins face-off versus Yakov Trenin in EDMONTON ICE zone.
Goals for this period are 1 for CALGARY FIREMEN vs 1 for EDMONTON ICE.
Shots for this period are 8 for CALGARY FIREMEN vs 15 for EDMONTON ICE.

3rd period


0:01 of 3rd period - Thomas Novak wins face-off versus Filip Forsberg in neutral zone.
0:01 of 3rd period - Scott Laughton is hit by Filip Forsberg and loses puck.
0:14 of 3rd period - Shot by Mattias Janmark-Nylen.
0:14 of 3rd period - Deflect By Filip Forsberg.
0:14 of 3rd period - Stopped by Jonathan Quick with a rebound.
0:21 of 3rd period - Evgeny Dadonov is hit by Nikita Zadorov and loses puck.
0:25 of 3rd period - Scott Laughton is hit by Nikita Zadorov.
2:03 of 3rd period - Shea Theodore is hit by Ryan Johansen and loses puck.
2:54 of 3rd period - Shot by Gustav Nyquist.
2:54 of 3rd period - Stopped by Samuel Ersson without a rebound.
2:55 of 3rd period - Thomas Novak wins face-off versus Brett Howden in CALGARY FIREMEN zone.
2:56 of 3rd period - Shot by Scott Laughton.
2:56 of 3rd period - Stopped by Samuel Ersson without a rebound.
2:57 of 3rd period - Brett Howden wins face-off versus Evgeny Dadonov in CALGARY FIREMEN zone.
2:57 of 3rd period - Brett Howden is hit by Scott Laughton.
3:04 of 3rd period - Shot by Scott Laughton.
3:04 of 3rd period - Stopped by Samuel Ersson with a rebound.
4:00 of 3rd period - Shot by Alex Tuch.
4:00 of 3rd period - Shot Misses the Net.
4:08 of 3rd period - Shot by Jack Eichel.
4:08 of 3rd period - Shot Blocked by Jamie Oleksiak.
4:10 of 3rd period - Shot by Alex Tuch.
4:10 of 3rd period - Stopped by Samuel Ersson without a rebound.
4:11 of 3rd period - Anthony Mantha wins face-off versus Filip Forsberg in CALGARY FIREMEN zone.
4:14 of 3rd period - Shot by Dawson Mercer.
4:14 of 3rd period - Stopped by Samuel Ersson with a rebound.
5:04 of 3rd period - Icing by Nikita Zadorov.
5:05 of 3rd period - Jack Eichel wins face-off versus Filip Forsberg in CALGARY FIREMEN zone.
5:25 of 3rd period - Off-side.
5:26 of 3rd period - Ryan Johansen wins face-off versus Thomas Novak in neutral zone.
7:22 of 3rd period - Off-side.
7:23 of 3rd period - Anton Lundell wins face-off versus Filip Forsberg in neutral zone.
8:27 of 3rd period - Scott Laughton is hit by Brett Howden.
8:35 of 3rd period - Shot by Thomas Novak.
8:35 of 3rd period - Shot Misses the Net.
8:37 of 3rd period - Shot by Thomas Novak.
8:37 of 3rd period - Deflect By Evgeny Dadonov.
8:37 of 3rd period - Stopped by Samuel Ersson without a rebound.
8:38 of 3rd period - Yakov Trenin wins face-off versus Jack Eichel in CALGARY FIREMEN zone.
8:43 of 3rd period - Shot by Alex Tuch.
8:43 of 3rd period - Shot Misses the Net.
8:45 of 3rd period - Shot by Ryan Graves.
8:45 of 3rd period - Stopped by Samuel Ersson with a rebound.
9:21 of 3rd period - Shot by Gustav Nyquist.
9:21 of 3rd period - Stopped by Samuel Ersson with a rebound.
9:30 of 3rd period - Icing by Jake McCabe.
9:31 of 3rd period - Yakov Trenin wins face-off versus Dawson Mercer in CALGARY FIREMEN zone.
9:44 of 3rd period - Shot by Ryan Johansen.
9:44 of 3rd period - Shot Misses the Net.
9:46 of 3rd period - Shot by Colton White.
9:46 of 3rd period - Stopped by Jonathan Quick with a rebound.
9:53 of 3rd period - Shot by Oskar Lindblom.
9:53 of 3rd period - Shot Blocked by Shea Theodore.
10:07 of 3rd period - Icing by Colton White.
10:08 of 3rd period - Ryan Johansen wins face-off versus Scott Laughton in CALGARY FIREMEN zone.
11:22 of 3rd period - Shot by Mattias Janmark-Nylen.
11:22 of 3rd period - Shot Misses the Net.
11:25 of 3rd period - Jakob Silfverberg is hit by Connor Carrick and loses puck.
12:00 of 3rd period - Icing by Jamie Oleksiak.
12:01 of 3rd period - Brett Howden wins face-off versus Dawson Mercer in CALGARY FIREMEN zone.
12:16 of 3rd period - Shot by Michael Matheson.
12:16 of 3rd period - Stopped by Samuel Ersson without a rebound.
12:17 of 3rd period - Anton Lundell wins face-off versus Yakov Trenin in CALGARY FIREMEN zone.
12:25 of 3rd period - Icing by Yakov Trenin.
12:26 of 3rd period - Thomas Novak wins face-off versus Yakov Trenin in CALGARY FIREMEN zone.
12:47 of 3rd period - Shot by Scott Laughton.
12:47 of 3rd period - Stopped by Samuel Ersson with a rebound.
12:49 of 3rd period - Shot by Evgeny Dadonov.
12:49 of 3rd period - Shot Blocked by Jordan Oesterle.
13:04 of 3rd period - Off-side.
13:05 of 3rd period - Jack Eichel wins face-off versus Filip Forsberg in neutral zone.
13:19 of 3rd period - Minor Penalty to Jake McCabe for Hooking.
13:20 of 3rd period - Alex Tuch wins face-off versus Filip Forsberg in CALGARY FIREMEN zone.
13:30 of 3rd period - Alex Tuch is hit by Andrej Sustr and loses puck.
14:01 of 3rd period - Mattias Janmark-Nylen is hit by Jack Eichel and loses puck.
14:30 of 3rd period - Shot by Dawson Mercer.
14:30 of 3rd period - Deflect By Gustav Nyquist.
14:30 of 3rd period - Shot Blocked by Nikita Zadorov.
14:43 of 3rd period - Scott Laughton is hit by Andrej Sustr and loses puck.
14:53 of 3rd period - Michael Matheson is hit by Andrej Sustr.
15:10 of 3rd period - Off-side.
15:11 of 3rd period - Jack Eichel wins face-off versus Filip Forsberg in neutral zone.
15:16 of 3rd period - Shot by Alex Tuch.
15:16 of 3rd period - Stopped by Samuel Ersson without a rebound.
15:17 of 3rd period - Jack Eichel wins face-off versus Filip Forsberg in CALGARY FIREMEN zone.
15:18 of 3rd period - Shot by Alex Tuch.
15:18 of 3rd period - Shot Misses the Net.
15:23 of 3rd period - Scott Laughton is hit by Jamie Oleksiak.
15:35 of 3rd period - Shot by Evgeny Dadonov.
15:35 of 3rd period - Deflect By Thomas Novak.
15:35 of 3rd period - Shot Misses the Net.
15:37 of 3rd period - Shot by Scott Laughton.
15:37 of 3rd period - Stopped by Samuel Ersson without a rebound.
15:38 of 3rd period - Jack Eichel wins face-off versus Mason Marchment in CALGARY FIREMEN zone.
16:17 of 3rd period - Shot by Jack Eichel.
16:17 of 3rd period - Stopped by Samuel Ersson without a rebound.
16:18 of 3rd period - Dawson Mercer wins face-off versus Filip Forsberg in CALGARY FIREMEN zone.
17:31 of 3rd period - Shot by Scott Laughton.
17:31 of 3rd period - Shot Hit the Post.
17:37 of 3rd period - Shot by Scott Laughton.
17:37 of 3rd period - Shot Misses the Net.
18:55 of 3rd period - Anton Lundell is hit by Jamie Oleksiak and loses puck.
19:00 of 3rd period - Shot by Anthony Beauvillier.
19:00 of 3rd period - Stopped by Samuel Ersson without a rebound.
19:01 of 3rd period - Yakov Trenin wins face-off versus Dawson Mercer in CALGARY FIREMEN zone.
19:13 of 3rd period - Icing by Shea Theodore.
19:14 of 3rd period - Brett Howden wins face-off versus Dawson Mercer in EDMONTON ICE zone.
Goals for this period are 0 for CALGARY FIREMEN vs 0 for EDMONTON ICE.
Shots for this period are 2 for CALGARY FIREMEN vs 14 for EDMONTON ICE.


BLAKE
WHEELER
STEVEN
STAMKOS
DREW
DOUGHTY

EAST COAST

HOCKEY LEAGUE

  • 63.RHI2PIT5
  • 64.WOR4ATL3
  • 65.QUECHW
  • 66.CHATRV